 Dungeon Crawl Stone Soup version 0.29.1-15-g9cfb28693d (webtiles) character file.

Game seed: 3751477059905276451

484 diecastcamel the Digger (level 7, 51/51 HPs)
             Began as a Gnoll Wanderer on Jan 5, 2023.
             Was a Follower of Dithmenos.
             Quit the game on level 5 of the Dungeon on Mar 28, 2023.
             The game lasted 00:32:20 (4518 turns).

diecastcamel the Digger (Gnoll Wanderer)            Turns: 4518, Time: 00:32:21

Health: 51/51      AC: 11    Str: 11    XL:     7   Next: 12%
Magic:  21/21      EV: 12    Int: 14    God:    Dithmenos [*.....]
Gold:   192        SH:  0    Dex: 11    Spells: 9/13 levels left

rFire   . . .      SeeInvis .     - Unarmed
rCold   . . .      Faith    .   (no shield)
rNeg    . . .      Spirit   +   e - +0 robe
rPois   .          Reflect  .   (no helmet)
rElec   .          Harm     .   c - +0 cloak
rCorr   .          Rampage  .   o - +2 pair of gloves
Will    .....                   K - +0 pair of boots
Stlth   +++.......              w - amulet of guardian spirit
HPRegen 0.17/turn               r - ring of magical power
MPRegen 0.17/turn               t - +4 ring of protection

@: wreathed by umbra
A: fangs 1, strong nose, distributed training
a: Renounce Religion


You were on level 5 of the Dungeon.
You worshipped Dithmenos.
Dithmenos was aware of your devotion.
You visited 1 branch of the dungeon, and saw 5 of its levels.

You collected 192 gold pieces.

Inventory:

Hand Weapons
 g - a +0 whip
 z - the +9 mace "Cuecw" {vorpal, *Slow rPois Dex+8}
   (You found it on level 2 of the Dungeon)

   It inflicts extra damage upon your enemies.
   Dex:       It affects your dexterity (+8).
   rPois:     It protects you from poison.
   *Slow:     It may slow you when you take damage.
 L - a +1 trident of flaming
Missiles
 i - 2 javelins
 l - 25 stones
 p - 2 boomerangs
Armour
 c - a +0 cloak (worn)
 e - a +0 robe (worn)
 m - a +0 ring mail
 o - a +2 pair of gloves (worn)
 K - a +0 pair of boots (worn)
Jewellery
 r - a ring of magical power (left hand)
 t - a +4 ring of protection (right hand)
 w - an amulet of guardian spirit (around neck)
Wands
 y - a wand of light (5)
 A - a wand of roots (1)
 C - a wand of flame (2)
 I - a wand of paralysis (1)
Scrolls
 b - 3 scrolls of blinking
 h - a scroll of torment {unknown}
 j - 3 scrolls of teleportation
 n - a scroll of butterflies {unknown}
 u - a scroll of brand weapon {unknown}
 x - a scroll of magic mapping {unknown}
 D - a scroll of silence {unknown}
 G - 4 scrolls of amnesia
 J - a scroll of immolation {unknown}
Potions
 a - 2 potions of flight {unknown}
 d - 3 potions of heal wounds
 f - a potion of might {unknown}
 k - a potion of lignification {unknown}
 s - a potion of invisibility {unknown}
 v - a potion of degeneration {unknown}
 B - 2 potions of attraction {unknown}
 E - 2 potions of haste {unknown}
 F - a potion of cancellation {unknown}
 H - a potion of mutation {unknown}


   Skills:
 + Level 2.3 Fighting
 + Level 2.3 Short Blades
 + Level 2.3 Long Blades
 + Level 2.3 Axes
 + Level 2.3 Maces & Flails
 + Level 2.3 Polearms
 + Level 2.3 Staves
 + Level 2.3 Ranged Weapons
 + Level 2.3 Throwing
 + Level 2.3 Armour
 + Level 2.3 Dodging
 + Level 4.8 Stealth
 + Level 2.3 Shields
 + Level 7.0 Unarmed Combat
 + Level 3.7 Spellcasting
 + Level 1.9 Conjurations
 + Level 1.9 Hexes
 + Level 1.9 Summonings
 + Level 1.9 Necromancy
 + Level 1.9 Translocations
 + Level 1.9 Transmutations
 + Level 1.9 Fire Magic
 + Level 1.9 Ice Magic
 + Level 1.9 Air Magic
 + Level 7.4 Earth Magic
 + Level 1.9 Poison Magic
 + Level 2.6 Invocations
 + Level 2.3 Evocations


You had 9 spell levels left.
You knew the following spells:

 Your Spells              Type           Power      Damage    Failure   Level
a - Sandblast             Erth           46%        2d11      1%          1
b - Stone Arrow           Conj/Erth      30%        3d8       9%          3

Your spell library contained the following spells:

 Spells                   Type           Power      Damage    Failure   Level


Dungeon Overview and Level Annotations

Branches:
Dungeon (5/15)             Temple (0/1) D:4

Altars:
Dithmenos
Makhleb
Okawaru
Sif Muna
Xom

Annotations:
D:3 1 runed translucent door, Crazy Yiuf


Innate Abilities, Weirdness & Mutations

You have very sharp teeth.
Your uncanny sense of smell can sniff out nearby items.
Your experience applies equally to all skills.


Message History

You throw a boomerang. The gnoll shouts!
The boomerang hits the gnoll but does no damage.
There is a stone staircase leading up here.
Throw: 2 boomerangs
Press: ? - help, Q - select action, (/) - cycle Shift-Dir - straight line, f/p - gnoll
Aim: a gnoll, wielding a +0 club (61% to hit)
You throw a boomerang. The boomerang barely misses the gnoll.
Unknown command.
Throw: 2 boomerangs
Press: ? - help, Q - select action, (/) - cycle Shift-Dir - straight line, f/p - gnoll
Aim: a gnoll, wielding a +0 club (61% to hit)
You throw a boomerang.
The boomerang hits the gnoll but does no damage.
Aiming: Sandblast (safe; 1% risk of failure)
Press: ? - help, Q - select action, (/) - cycle Shift-Dir - straight line, f/p - gnoll
Aim: a gnoll, wielding a +0 club (85% to hit)
The blast of sand hits the gnoll!
The gnoll is almost dead.
Unknown command.
Aiming: Sandblast (safe; 1% risk of failure)
Press: ? - help, Q - select action, (/) - cycle Shift-Dir - straight line, f/p - gnoll
Aim: a gnoll, wielding a +0 club (almost dead, 85% to hit)
The blast of sand hits the gnoll!
You kill the gnoll!
Dithmenos accepts your kill.
Magic restored.
You see here a +0 spear.
You now have 182 gold pieces (gained 4).
You now have 192 gold pieces (gained 10).
A phantom comes into view.
Found 4 stones.
Saving game... please wait.
Welcome back, diecastcamel the Gnoll Wanderer.
Dithmenos says: Spread the eternal night.
Press ? for a list of commands and other information.
Welcome back, diecastcamel the Gnoll Wanderer.
Dithmenos says: Spread the eternal night.
Press ? for a list of commands and other information.
Are you sure you want to abandon this character and quit the game? (Confirm with "yes".)

(.. ..# ..
....##..#.#
..........#
#........#
#........######
#..............
#.............#
+......@.......
#.......##....W
#.####### ∆..#
#...)..# #
#......#
##########......##
..............).<#
................##
................#


You could see a phantom (dormant).

Vanquished Creatures
  An ogre (D:4)
  A scorpion (D:4)
  A crimson imp (D:4)
  A gnoll bouda (D:4)
  A hound (D:4)
  An orc priest (D:3)
  Jessica (D:3)
  An orc wizard (D:3)
  Ijyb (D:3)
  5 adders
  3 gnolls
  3 worms (D:2)
  2 orcs (D:3)
  6 ball pythons
  4 bats
  3 endoplasms (D:4)
  5 giant cockroaches
  6 goblins
  9 hobgoblins
  11 kobolds
  3 quokkas (D:2)
  A frilled lizard (D:3)
  3 rats
73 creatures vanquished.

Vanquished Creatures (others)
  A fungus (D:3)
1 creature vanquished.

Grand Total: 74 creatures vanquished

Notes
Turn   | Place    | Note
-------+----------+-------------------------------------------
     0 | D:1      | diecastcamel the Gnoll Wanderer began the quest for the
                  | Orb.
     0 | D:1      | diecastcamel set off with the following items: a +0 club, a
                  | scroll of blinking, a +0 cloak, a potion of heal wounds, a
                  | +0 robe, a scroll of fear; and the following spell
                  | memorised: Sandblast; and the following spells available to
                  | memorise: Stone Arrow.
     0 | D:1      | Reached XP level 1. HP: 13/13 MP: 4/4
   185 | D:1      | Reached XP level 2. HP: 19/19 MP: 1/5
   336 | D:1      | Found a faded altar of an unknown god.
  1201 | D:2      | Reached XP level 3. HP: 25/25 MP: 4/7
  1295 | D:2      | Learned a level 3 spell: Stone Arrow
  1336 | D:2      | Reached skill level 1 in Invocations
  1388 | D:2      | Reached skill level 1 in Fighting
  1388 | D:2      | Reached skill level 1 in Short Blades
  1388 | D:2      | Reached skill level 1 in Long Blades
  1388 | D:2      | Reached skill level 1 in Axes
  1388 | D:2      | Reached skill level 1 in Maces & Flails
  1388 | D:2      | Reached skill level 1 in Polearms
  1388 | D:2      | Reached skill level 1 in Staves
  1388 | D:2      | Reached skill level 1 in Ranged Weapons
  1388 | D:2      | Reached skill level 1 in Throwing
  1388 | D:2      | Reached skill level 1 in Armour
  1388 | D:2      | Reached skill level 1 in Dodging
  1388 | D:2      | Reached skill level 1 in Shields
  1388 | D:2      | Reached skill level 1 in Evocations
  1396 | D:2      | Found a shadowy altar of Dithmenos.
  1403 | D:2      | Became a worshipper of Dithmenos the Shadowed
  1529 | D:2      | Reached XP level 4. HP: 26/32 MP: 8/8
  1719 | D:2      | Identified the +9 mace "Cuecw" {vorpal, *Slow rPois Dex+8}
  1995 | D:3      | Reached skill level 1 in Conjurations
  1995 | D:3      | Reached skill level 1 in Hexes
  1995 | D:3      | Reached skill level 1 in Summonings
  1995 | D:3      | Reached skill level 1 in Necromancy
  1995 | D:3      | Reached skill level 1 in Translocations
  1995 | D:3      | Reached skill level 1 in Transmutations
  1995 | D:3      | Reached skill level 1 in Fire Magic
  1995 | D:3      | Reached skill level 1 in Ice Magic
  1995 | D:3      | Reached skill level 1 in Air Magic
  1995 | D:3      | Reached skill level 1 in Poison Magic
  2227 | D:3      | Found an iron altar of Okawaru.
  2232 | D:3      | Noticed Jessica
  2233 | D:3      | Killed Jessica
  2248 | D:3      | Reached XP level 5. HP: 37/37 MP: 9/9
  2364 | D:3      | Noticed Ijyb
  2365 | D:3      | Paralysed by Ijyb for 4 turns
  2371 | D:3      | Killed Ijyb
  2376 | D:3      | Found a faded altar of an unknown god.
  2380 | D:3      | Found a shimmering blue altar of Sif Muna.
  2885 | D:3      | Reached * piety under Dithmenos
  2966 | D:3      | Found a runed translucent door.
  2967 | D:3      | Noticed Crazy Yiuf
  3221 | D:4      | Noticed an ogre
  3240 | D:4      | Killed an ogre
  3241 | D:4      | Reached XP level 6. HP: 27/44 MP: 11/11
  3382 | D:4      | Found a burning altar of Makhleb.
  3383 | D:4      | Found a shimmering altar of Xom.
  3542 | D:4      | Found a staircase to the Ecumenical Temple.
  4224 | D:5      | Entered Level 5 of the Dungeon
  4235 | D:5      | Reached XP level 7. HP: 50/50 MP: 12/12
  4518 | D:5      | Upgraded the game from 0.29.1-12-g30fa7ad0bf to
                  | 0.29.1-15-g9cfb28693d
  4518 | D:5      | Quit the game

Illustrated notes

Levels and vault maps discovered:
D:1:      dpeg_arrival_tiny_g, layout_basic, chequers_ecumenical_altar_grove,
          nicolae_kite_square_tiling_tiny
D:2:      layout_basic, basic_altar, minmay_indecisive_spiral
D:3:      layout_basic, nicolae_overflow_ecumenical_swirl,
          okawaru_ov_weapons_minmay, uniq_crazy_yiuf_cottage, uniq_ijyb,
          uniq_jessica
D:4:      layout_basic, grunt_temple_overflow_champion_of_chaos,
          minmay_temple_entry_hall
D:5:      layout_basic, nzn_hepliaklqana_mist_gate, lemuel_doored_altar,
          minmay_diced_spiral

Skill      XL: |  1  2  3  4  5  6 |
---------------+-------------------+-----
Invocations    | 1 2 |  2.6
Fighting       | 1 2 |  2.3
Short Blades   | 1 2 |  2.3
Long Blades    | 1 2 |  2.3
Axes           | 1 2 |  2.3
Maces & Flails | 1 2 |  2.3
Polearms       | 1 2 |  2.3
Staves         | 1 2 |  2.3
Ranged Weapons | 1 2 |  2.3
Throwing       | 1 2 |  2.3
Armour         | 1 2 |  2.3
Dodging        | 1 2 |  2.3
Shields        | 1 2 |  2.3
Evocations     | 1 2 |  2.3
Spellcasting   | 3 |  3.7
Conjurations   | 1 |  1.9
Hexes          | 1 |  1.9
Summonings     | 1 |  1.9
Necromancy     | 1 |  1.9
Translocations | 1 |  1.9
Transmutations | 1 |  1.9
Fire Magic     | 1 |  1.9
Ice Magic      | 1 |  1.9
Air Magic      | 1 |  1.9
Poison Magic   | 1 |  1.9
Unarmed Combat | 7 |  7.0
Stealth        | |  4.8
Earth Magic    | |  7.4

Action                   |  1- 3 |  4- 6 |  7- 9 || total
-------------------------+-------+-------+-------++-------
Melee: Unarmed           |    18 |    18 |     7 ||    43
       Bite              |     2 |     2 |     4 ||     8
       Punch             |     1 |     1 |       ||     2
Throw: Boomerang         |     1 |    10 |     4 ||    15
       Stone             |     1 |     5 |       ||     6
 Cast: Sandblast         |    34 |    50 |     5 ||    89
       Stone Arrow       |       |     6 |     3 ||     9
Evoke: Wand              |       |    11 |       ||    11
  Use: Scroll            |       |     6 |       ||     6
Armor: Robe              |     5 |    11 |     2 ||    18
Dodge: Dodged            |    10 |     9 |     5 ||    24
